 Dungeon Crawl Stone Soup version 0.30-a0-728-gc68057be0a (webtiles) character file.

Game seed: 14582561184722791707

24 Dittersdorf the Covered (level 3, -2/23 HPs)
             Began as a Gargoyle Fighter on Jan 31, 2023.
             Slain by Jessica
             ... wielding a +8 club
              (5 damage)
             ... on level 1 of the Dungeon.
             The game lasted 00:00:45 (818 turns).

Dittersdorf the Covered (Gargoyle Fighter)           Turns: 818, Time: 00:00:45

Health: -2/23      AC: 10    Str: 21    XL:     3   Next: 2%
Magic:  3/3        EV:  9    Int:  8    God:
Gold:   35         SH:  4    Dex:  9    Spells: 2/2 levels left

rFire   . . .      SeeInvis .    a - +0 flail
rCold   . . .      Faith    .    c - +0 buckler
rNeg    + . .      Spirit   .    b - +0 scale mail
rPois   ∞          Reflect  .    (no helmet)
rElec   +          Harm     .    (no cloak)
rCorr   .          Rampage  .    (no gloves)
Will    .....                    (no boots) Stlth
                                 (no amulet)
HPRegen 0.23/turn                (no ring)
MPRegen 0.08/turn                (no ring)

@: no status effects
A: sickness immunity, AC +3, negative energy resistance 1, electricity
resistance, torment resistance 1, petrification resistance
a: no special abilities


You were on level 1 of the Dungeon.
You visited 1 branch of the dungeon, and saw 2 of its levels.

You collected 35 gold pieces.

Inventory:

Hand Weapons
 a - a +0 flail (weapon)
Armour
 b - a +0 scale mail (worn)
 c - a +0 buckler (worn)
Scrolls
 e - a scroll of silence {unknown}
 h - 2 scrolls of identify {unknown}
Potions
 d - a potion of might
 f - a potion of resistance {unknown}
 g - a potion of heal wounds {unknown}
 i - a potion of flight {unknown}


   Skills:
 + Level 3.6 Fighting
 + Level 2.3 Maces & Flails
 + Level 3.6 Armour
 + Level 3.6 Shields


You had 2 spell levels left.
You didn't know any spells.
Your spell library contained the following spells:

 Spells                   Type           Power      Damage    Failure   Level
 Inner Flame              Hex/Fire       0%         N/A       99%         3
 Flame Wave               Conj/Fire      0%         2d4       100%        4
 Sticky Flame             Conj/Fire      0%         2d3       100%        4


Dungeon Overview and Level Annotations

Branches:
Dungeon (2/15)

Altars:

Annotations:
D:1 Jessica


Innate Abilities, Weirdness & Mutations

You are immune to sickness and miasma.
Your stone body is resilient. (AC +3)
You are immune to poison.
You resist negative energy. (rN+)
You are resistant to electric shocks. (rElec)
You are resistant to unholy torment.
You are immune to petrification.


Message History

The hound bites you but does no damage. Jessica hits you but does no damage.
The hobgoblin barely misses you. The hound bites you.
You closely miss the hound.
The hound is heavily wounded.
Jessica hits you with a +8 club.
The hobgoblin hits you but does no damage.
The hound bites you but does no damage.
Jessica mumbles something strange.
You block Jessica's attack. The hobgoblin hits you.
You block the hound's attack.
You are too injured to fight recklessly!
You are too injured to fight recklessly!
You are too injured to fight recklessly!
You are too injured to fight recklessly!
You are too injured to fight recklessly!
You are too injured to fight recklessly!
You are too injured to fight recklessly!
You are too injured to fight recklessly!
You are too injured to fight recklessly!
You are too injured to fight recklessly!
You are too injured to fight recklessly!
You are too injured to fight recklessly!
You are too injured to fight recklessly!
You are too injured to fight recklessly!
You are too injured to fight recklessly!
The hobgoblin attacks as you move away! The hobgoblin hits you.
Jessica mumbles something strange.
Jessica hits you but does no damage. The hound closely misses you.
There is a stone staircase leading up here.
The hound barely misses you. Jessica hits you with a +8 club.
* * * LOW HITPOINT WARNING * * *
You block the ball python's attack. The ball python grabs you.
You stop ascending the stairs.
The ball python constricts you.
Okay, then.
You escape the ball python's grasp.
The hound bites you but does no damage. Jessica barely misses you.
You block the hound's attack.
You climb upwards.
There is a stone staircase leading down here.
Jessica hits you with a +8 club.
You die...

#.#
#.#........####
#.# #.#.#.####.#
#.# #.#........#
#.# #.#...####.#
#.####.#.#.#
#.####
##......#.#.#
#.....
#..>....(...#
######
#..@hS..#.###
##...@..##.#
####.......##.#
#........####.#
#.##.###.#
#.######## #.##.#
#.# #........#
#.##.# #.#
########.#
####.##.# #.## #.#
#....##.# #..##
#.####
#.##.##.###...####
#.....


You could see a hound, Jessica and a ball python.

Vanquished Creatures
  A dart slug (D:1)
  2 bats (D:1)
  3 endoplasms (D:1)
  4 hobgoblins (D:1)
  3 quokkas (D:1)
  2 ball pythons (D:1)
  3 kobolds (D:1)
  2 rats (D:1)
20 creatures vanquished.

Notes
Turn   | Place    | Note
-------+----------+-------------------------------------------
     0 | D:1      | Dittersdorf the Gargoyle Fighter began the quest for the
                  | Orb.
     0 | D:1      | Reached XP level 1. HP: 14/14 MP: 1/1
   137 | D:1      | Reached XP level 2. HP: 19/19 MP: 2/2
   452 | D:1      | Reached XP level 3. HP: 23/23 MP: 3/3
   803 | D:2      | Noticed Jessica
   818 | D:1      | Slain by Jessica

Illustrated notes

Levels and vault maps discovered:
D:1:      psy_arrival_fountain, layout_loops_ring, minmay_misc_feat_nine_boxes,
          kennysheep_nondescript, reono_crystal_passage
D:2:      layout_loops_cross, hellmonk_ecumenical_altar_lost_god,
          serial_park_tiny_1, minmay_cut_off, uniq_jessica,
          uniq_crazy_yiuf_cottage

Action                     || total
---------------------------++-------
  Melee: Flail             ||    72
 Armour: Scale mail        ||    56
  Dodge: Dodged            ||    39
  Block: Buckler           ||    23

Table legend: (Time is in decaauts)
 A = Elapsed time spent in this place.
 B = Non-inter-level travel time spent in this place.
 C = Inter-level travel time spent in this place.
 D = Time resting spent in this place.
 E = Time spent auto-exploring this place.
 F = Levels seen in this place.
 G = Mean time per level.
                   A        B        C        D        E       F      G
               +--------+--------+--------+--------+--------+-----+--------+
         Total |    841 |    819 |     22 |     37 |    626 |   2 |  420.5 |
       Dungeon |    841 |    819 |     22 |     37 |    626 |   2 |  420.5 |
               +--------+--------+--------+--------+--------+-----+--------+

Top non-repeatable levels by time:
     D:1: 826 daAuts
     D:2: 14 daAuts
